 Dungeon Crawl Stone Soup version 0.29.0-4-gdea44cf6ec (webtiles) character file.

Game seed: 17125020974105253986

10 qw the Chopper (level 2, 0/17 HPs)
             Began as a Tengu Warper on Aug 28, 2022.
             Succumbed to their own poison gas
             ... on level 1 of the Dungeon.
             The game lasted 00:00:04 (825 turns).

qw the Chopper (Tengu Warper)                        Turns: 825, Time: 00:00:04

Health: 0/17       AC:  5    Str: 11    XL:     2   Next: 20%
Magic:  6/6        EV: 10    Int: 13    God:
Gold:   57         SH:  0    Dex: 13    Spells: 5/5 levels left

rFire   . . .      SeeInvis .   Y - +0 hand axe
rCold   . . .      Faith    .   (no shield)
rNeg    . . .      Spirit   .   e - +0 ring mail
rPois   .          Reflect  .   (helmet restricted)
rElec   .          Harm     .   (no cloak)
rCorr   .          Rampage  .   (no gloves)
Will    .....                   (boots unavailable)
Stlth   +.........              (no amulet)
HPRegen 0.05/turn               (no ring)
MPRegen 0.10/turn               (no ring)

@: mighty, lethally poisoned (0 -> -7), very slow
A: beak, talons 3
a: no special abilities


You were on level 1 of the Dungeon.
You visited 1 branch of the dungeon, and saw 1 of its levels.

You collected 57 gold pieces.


Innate Abilities, Weirdness & Mutations

You have a beak for a mouth.
You have claws for feet.


   Skills:
 - Level 2.0 Fighting
 + Level 3.1 Axes
 - Level 1.0 Throwing
 - Level 1.1 Armour
 - Level 2.1 Dodging
 - Level 2.0 Spellcasting
 - Level 2.4 Translocations


You had 5 spell levels left.
You didn't know any spells.
Your spell library contained the following spells:

 Spells                   Type           Power      Damage    Failure   Level
 Blink                    Tloc           14%        N/A       34%         2
 Gell's Gravitas          Tloc           7%         N/A       56%         3
 Lesser Beckoning         Tloc           7%         N/A       56%         3
 Teleport Other           Tloc           7%         N/A       56%         3
 Manifold Assault         Tloc           7%         N/A       99%         5

Inventory:

Hand Weapons
 g - a +0 whip
 Y - a +0 hand axe (weapon)
Armour
 e - a +0 ring mail (worn)
Potions
 d - a potion of ambrosia {unknown}
 h - a potion of lignification {unknown}
 l - a potion of might

Dungeon Overview and Level Annotations

Branches:
Dungeon (1/15)

Altars:

Shops:
D:1 [


Message History

816 ||| READING 2 scrolls labelled PIH YKOSEVE.
As you read the scroll labelled PIH YKOSEVE, it crumbles to dust.
It is a scroll of amnesia.
You feel forgetful for a moment.
Done exploring.
817 ||| READING scroll labelled XOP NAKHISK.
As you read the scroll labelled XOP NAKHISK, it crumbles to dust.
The scroll dissolves into smoke.
It was a scroll of fog.
Done exploring.
818 ||| READING scroll labelled TIMIRCH GUUM.
As you read the scroll labelled TIMIRCH GUUM, it crumbles to dust.
It is a scroll of identify.
Really abort (and waste the scroll)?
Done exploring.
819 ||| DRINKING 2 lumpy puce potions.
It was a potion of might.
You feel very mighty all of a sudden.
Done exploring.
820 ||| DROPPING scroll of blinking.
You drop a scroll of blinking.
You hear a splash.
Done exploring.
821 ||| DROPPING scroll of amnesia.
You drop a scroll of amnesia.
You hear a splash.
Done exploring.
(D) Dungeon
Where to? (* - list waypoints, ? - help)
What level of the Dungeon? (default 1, ? - help) Sorry, I don't know how to get there.
Done exploring.
822 ||| Stepping randomly (stuck).
Really walk into that cloud of poison gas?
You are engulfed in poison gas.
You are poisoned.
You feel very sick.
823 ||| Stepping ~*~*~tactically~*~*~ (cloud).
You enter the shallow water.
Moving in this stuff is going to be slow.
You feel very sick.
Items here: " ?? [.
There is a lethal amount of poison in your body!
You feel sick.
There is a lethal amount of poison in your body!
You die...

####...#....##~#....# #..
...#.###..###~~##~..# #.. .....#
#..~~¤¤#0~#..# #..
.....###.##~#0¤¤~#~.# #..
.....##..#~~~0¤¤#0~.# #..
.........~~~~~0000#.# ##########.
....#.#..##~#~#¤¤##.###..........
......#...#~~~~00#......#######..
......#...##~~~#@#....### #..
......##....####00¤.¤## #..
....#.##.......00.¤¤#### #..
...##.##..###%000¤¤00..# ##..
##.##.###.###¤#####¤0#0#######...
#.##.# #.#.¤.######00¤0.........
##.##.##########.# ####0##.....#.
##.##..8.......#(# ##...........
............8}.#.####..#..#######


There were no monsters in sight!

Vanquished Creatures
  3 ball pythons (D:1)
  A goblin (D:1)
  3 hobgoblins (D:1)
  A kobold (D:1)
  2 rats (D:1)
10 creatures vanquished.

Notes
Turn   | Place    | Note
-------+----------+-------------------------------------------
     0 | D:1      | qw the Tengu Warper began the quest for the Orb.
     0 | D:1      | Reached XP level 1. HP: 12/12 MP: 4/4
     0 | D:1      | 0 ||| qw: Version: 0.1-a-89-g26bdef1
     0 | D:1      | 0 ||| qw: Game counter: 2369
     0 | D:1      | 0 ||| qw: Always use a shield: true
     0 | D:1      | 0 ||| qw: God list: Okawaru
     0 | D:1      | 0 ||| qw: Allow faded altars: false
     0 | D:1      | 0 ||| qw: Do Orc after D:15 true
     0 | D:1      | 0 ||| qw: Do second Lair branch before Depths: true
     0 | D:1      | 0 ||| qw: Lair rune preference: random
     0 | D:1      | 0 ||| qw: Plans: Normal
     0 | D:1      | 0 ||| PLANNING D:1-11
    46 | D:1      | HP: 3/12 [hobgoblin (4)]
   315 | D:1      | Found Oczaebb's Armour Boutique.
   325 | D:1      | 325 ||| SHOPLISTING +0 pair of gloves (63 gold, have 19).
   533 | D:1      | Reached skill level 3 in Axes
   533 | D:1      | Reached XP level 2. HP: 17/17 MP: 6/6
   803 | D:1      | 803 ||| UPGRADING to +0 ring mail.
   813 | D:1      | 813 ||| DROPPING +0 leather armour.
   814 | D:1      | 814 ||| DROPPING amulet of magic regeneration.
   815 | D:1      | 815 ||| READING scroll labelled FIAPLEFURCH.
   816 | D:1      | 816 ||| READING 2 scrolls labelled PIH YKOSEVE.
   817 | D:1      | 817 ||| READING scroll labelled XOP NAKHISK.
   818 | D:1      | 818 ||| READING scroll labelled TIMIRCH GUUM.
   819 | D:1      | 819 ||| DRINKING 2 lumpy puce potions.
   820 | D:1      | 820 ||| DROPPING scroll of blinking.
   821 | D:1      | 821 ||| DROPPING scroll of amnesia.
   822 | D:1      | 822 ||| Stepping randomly (stuck).
   823 | D:1      | 823 ||| Stepping ~*~*~tactically~*~*~ (cloud).
   823 | D:1      | HP: 3/17 [poisoned by you (poison gas)]
   825 | D:1      | Succumbed to their own poison gas

Levels and vault maps discovered:
D:1:      nicolae_arrival_memento_mori, layout_rooms, serial_shops, shop,
          minmay_misc_feat_doors, minmay_misc_feat_ornament,
          chequers_decorated_corner, minivault_4

Skill      XL: |  1 |
---------------+----+-----
Axes           | 3 |  3.1
Fighting       | |  2.0
Throwing       | |  1.0
Armour         | |  1.1
Dodging        | |  2.1
Spellcasting   | |  2.0
Translocations | |  2.4

Action                   || total
-------------------------++-------
Melee: Hand axe          ||    24
       Kick              ||     3
       Peck              ||     1
Throw: Boomerang         ||     7
  Use: Scroll            ||     4
       Potion            ||     1
Armor: Leather armour    ||     2
Dodge: Dodged            ||    13

Table legend:
 A = Non-vault XP
 B = Vault XP
 C = Vault XP percentage of total XP
 D = Non-vault monster count
 E = Vault monster count
 F = Vault count percentage of total count
                 A         B        C        D         E       F
            +---------+---------+-------+---------+---------+-------
      Total |      15 |       0 |   0.0 |      10 |       0 |   0.0
            +---------+---------+-------+---------+---------+-------
        D:1 |      15 |       0 |   0.0 |      10 |       0 |   0.0
            +---------+---------+-------+---------+---------+-------
